[Event "Team 45 45 League T96"]
[Site "Internet Chess Club"]
[Date "2023.06.10"]
[Round "5"]
[White "jjmolina1"]
[Black "isolani"]
[Result "0-1"]
[WhiteElo "1519"]
[BlackElo "1512"]
[Opening "Sicilian: Labourdonnais-Löwenthal (Kalashnikov) variation"]
[ECO "B32"]
[Time "09:03:55"]
[PlyCount "112"]
[TimeControl "2700+45"]

1. e4 c5 2. Nf3 Nc6 3. d4 cxd4 4. Nxd4 e5 5. Nb5 d6 6. N1c3 a6 7. Na3 Nf6 8. Bg5
Be7 9. Bxf6 Bxf6 10. Nd5 O-O 11. Qf3 Be7 12. c3 b5 13. h4 Be6 14. Nxe7+ Nxe7 15.
h5 f5 16. Bd3 fxe4 17. Qxe4 Bf5 18. Qe3 Bxd3 19. Qxd3 Qb6 20. f3 d5 21. Nc2 Qh6
22. Qe3 Qf4 23. O-O-O Rad8 24. Qxf4 Rxf4 25. Rde1 Nc6 26. Re2 h6 27. Rhe1 Rf5
28. Rh1 a5 29. Ne3 Rf7 30. Rd2 Rfd7 31. Nf5 b4 32. Rhd1 Kf7 33. c4 d4 34. Ne3 a4
35. Nd5 Na5 36. Nb6 Rc7 37. Nxa4 Nxc4 38. Rc2 d3 39. b3 dxc2 40. Rxd8 Ne3 41.
Rd2 Kf6 42. Re2 Nd5 43. Rxc2 Rxc2+ 44. Kxc2 Kg5 45. Kd3 Kxh5 46. Ke4 Nf4 47. g4+
Kh4 48. Kxe5 Kg3 49. Nc5 Kxf3 50. g5 h5 51. Na6 h4 52. Nxb4 h3 53. a4 h2 54. a5
h1=Q 55. a6 Qa1+ 56. Kf5 Qa5+ {White resigns} 0-1

[Event "Team 45 45 League T96"]
[Site "Internet Chess Club"]
[Date "2023.06.11"]
[Round "5"]
[White "primerpaso"]
[Black "Sandrotov"]
[Result "0-1"]
[WhiteElo "1775"]
[BlackElo "1672"]
[Opening "English opening"]
[ECO "A21"]
[Time "14:00:27"]
[PlyCount "76"]
[TimeControl "2700+45"]

1. c4 e5 2. Nc3 d6 3. g3 f5 4. Bg2 Nf6 5. e3 Be7 6. Nge2 O-O 7. b3 c6 8. d4 Na6
9. Kf1 Be6 10. d5 Bd7 11. dxc6 bxc6 12. Ba3 Qc7 13. Qd2 Rad8 14. Rd1 Be6 15. f3
d5 16. Bxe7 Qxe7 17. cxd5 cxd5 18. Na4 e4 19. Nd4 Rc8 20. Kf2 Nb4 21. Bf1 exf3
22. Kxf3 Ne4 23. Qb2 Bf7 24. Kg2 Bh5 25. Be2 Be8 26. Rc1 Bxa4 27. bxa4 Ng5 28.
h4 Ne4 29. a3 Rxc1 30. Qxc1 Qd6 31. Qe1 Nc6 32. Nb5 Qc5 33. Qc1 Qb6 34. Rd1 Qb8
35. Rf1 Qxg3+ 36. Kh1 Qxh4+ 37. Kg1 Qg3+ 38. Kh1 Rf6 {White resigns} 0-1

[Event "Team 45 45 League T96"]
[Site "Internet Chess Club"]
[Date "2023.06.11"]
[Round "5"]
[White "dalmata"]
[Black "mandrull"]
[Result "1/2-1/2"]
[WhiteElo "1548"]
[BlackElo "1639"]
[Opening "QGA: 3.e4"]
[ECO "D20"]
[Time "05:00:13"]
[PlyCount "64"]
[TimeControl "2700+45"]

1. d4 d5 2. c4 dxc4 3. e4 e5 4. d5 Nf6 5. Nc3 c6 6. Bxc4 Bb4 7. Ne2 Nxe4 8. O-O
Nxc3 9. bxc3 Bd6 10. Ng3 O-O 11. Bb3 Qc7 12. Re1 Nd7 13. Ne4 cxd5 14. Nxd6 Qxd6
15. Bxd5 Qc7 16. Ba3 Rd8 17. c4 Nf6 18. Qf3 Nxd5 19. cxd5 f6 20. Red1 Rb8 21. d6
Qa5 22. Qd5+ Qxd5 23. Rxd5 Bd7 24. Rc1 Bc6 25. Rd2 Kf7 26. Bc5 Ra8 27. f3 Ke6
28. Kf2 Kd7 29. g4 g5 30. h4 h6 31. Rh1 Rh8 32. Kg3 f5 {Game drawn by mutual
agreement} 1/2-1/2

[Event "Team 45 45 League T96"]
[Site "Internet Chess Club"]
[Date "2023.06.10"]
[Round "5"]
[White "julesraider"]
[Black "Manch"]
[Result "1-0"]
[WhiteElo "1578"]
[BlackElo "1404"]
[Opening "QGD: Grau (Sahovic) defense"]
[ECO "D06"]
[Time "14:00:20"]
[PlyCount "75"]
[TimeControl "2700+45"]

1. d4 d5 2. c4 Bf5 3. Nf3 Bxb1 4. Rxb1 dxc4 5. Qa4+ c6 6. Qxc4 e6 7. a3 Qa5+ 8.
b4 Qf5 9. Rb3 Nf6 10. e3 Ne4 11. Bd3 Nd7 12. O-O Ndf6 13. Qc2 Bd6 14. h3 h5 15.
Nd2 Qg5 16. Nxe4 Nxe4 17. Bxe4 f5 18. Bf3 a6 19. Qc4 Ke7 20. e4 f4 21. e5 Bb8
22. Qc5+ Kf7 23. Bxf4 Qxf4 24. Bxh5+ Rxh5 25. Rf3 Qxf3 26. gxf3 Rxh3 27. Qb6 Rh8
28. Kg2 Ba7 29. Qxb7+ Kg6 30. Qxc6 Kf7 31. Qd7+ Kf8 32. Qb7 Rd8 33. Qxa7 g5 34.
Rc1 Rh4 35. Rc7 Rf4 36. Qc5+ Kg8 37. Qe7 Rdf8 38. Qh7# {Black checkmated} 1-0

[Event "Team 45 45 League T96"]
[Site "Internet Chess Club"]
[Date "2023.06.07"]
[Round "5"]
[White "garytd"]
[Black "mongmong"]
[Result "0-1"]
[WhiteElo "1425"]
[BlackElo "1453"]
[Opening "French: Tarrasch"]
[ECO "C03"]
[Time "15:00:20"]
[PlyCount "46"]
[TimeControl "2700+45"]

1. e4 e6 2. d4 d5 3. Nd2 h6 4. Bd3 c5 5. c3 cxd4 6. cxd4 dxe4 7. Nxe4 Bb4+ 8.
Bd2 Bxd2+ 9. Qxd2 Nf6 10. Nf3 O-O 11. O-O Bd7 12. b4 Bc6 13. Rfe1 Nxe4 14. Bxe4
Bxe4 15. Rxe4 Nd7 16. Rc1 Nf6 17. Re3 Rc8 18. Rxc8 Qxc8 19. Rc3 Qd8 20. Qc1 Nd5
21. Rb3 Qc8 22. Qd2 Qc7 23. Qe3 Nxe3 {White resigns} 0-1

[Event "Team 45 45 League T96"]
[Site "Internet Chess Club"]
[Date "2023.06.12"]
[Round "5"]
[White "clarinetref"]
[Black "Rookmaster"]
[Result "1-0"]
[WhiteElo "1536"]
[BlackElo "1588"]
[Opening "Pirc defense"]
[ECO "B07"]
[Time "09:05:51"]
[PlyCount "91"]
[TimeControl "2700+45"]

1. e4 d6 2. d4 Nf6 3. Nc3 Nbd7 4. g3 e5 5. Bg2 c6 6. Nge2 b5 7. a3 Qc7 8. Bd2
Bb7 9. O-O Be7 10. d5 O-O 11. Kh1 a5 12. dxc6 Bxc6 13. Bg5 Nb6 14. Bxf6 Bxf6 15.
Qd3 b4 16. axb4 axb4 17. Nb5 Bxb5 18. Qxb5 Qc5 19. Qxc5 dxc5 20. b3 Rxa1 21.
Rxa1 Ra8 22. Rxa8+ Nxa8 23. f4 Nc7 24. Nc1 exf4 25. gxf4 Bd4 26. Ne2 Nb5 27. e5
Na3 28. Nxd4 cxd4 29. Be4 g6 30. Bd3 Kf8 31. Kg2 Ke7 32. Kf3 f5 33. exf6+ Kxf6
34. Ke4 h6 35. Kxd4 g5 36. fxg5+ hxg5 37. Kc5 Nb1 38. Kxb4 Nd2 39. c4 Ke6 40.
Be2 Kd6 41. Kc3 Ne4+ 42. Kd4 Nf6 43. c5+ Kc7 44. b4 Nd7 45. Bg4 Nb8 46. b5
{Black resigns} 1-0

[Event "Team 45 45 League T96"]
[Site "Internet Chess Club"]
[Date "2023.06.12"]
[Round "5"]
[White "trogers41"]
[Black "herrahuu"]
[Result "1/2-1/2"]
[WhiteElo "1363"]
[BlackElo "1475"]
[Opening "Caro-Kann: advance variation"]
[ECO "B12"]
[Time "10:00:09"]
[PlyCount "59"]
[TimeControl "2700+45"]

1. e4 c6 2. d4 d5 3. e5 Bf5 4. Nf3 e6 5. Bd3 Bxd3 6. Qxd3 c5 7. dxc5 Nc6 8. O-O
Bxc5 9. Nbd2 Nge7 10. Nb3 Bb6 11. Bf4 O-O 12. c3 Nf5 13. Rfe1 h5 14. Qe2 d4 15.
cxd4 Nfxd4 16. Nbxd4 Nxd4 17. Nxd4 Qxd4 18. Be3 Qxe5 19. Bxb6 Qxe2 20. Rxe2 axb6
21. Re5 Rfd8 22. Rxh5 Rxa2 23. Rb1 Rxb2 24. Rc1 b5 25. h3 b4 26. Rc7 b3 27. Rxb7
f5 28. Rg5 Rbd2 29. Rgxg7+ Kf8 30. Rbf7+ {Game drawn by mutual agreement}
1/2-1/2

[Event "Team 45 45 League T96"]
[Site "Internet Chess Club"]
[Date "2023.06.13"]
[Round "5"]
[White "SeniorCitizen"]
[Black "Fulmar"]
[Result "0-1"]
[WhiteElo "1209"]
[BlackElo "1291"]
[Opening "King's pawn opening"]
[ECO "B07"]
[Time "14:07:19"]
[PlyCount "104"]
[TimeControl "2700+45"]

1. e4 d6 2. Nc3 c6 3. d4 Qc7 4. h3 e5 5. d5 Nf6 6. Bd3 Nbd7 7. Nf3 Nc5 8. O-O
Be7 9. Be3 Nxd3 10. cxd3 cxd5 11. Nxd5 Nxd5 12. exd5 Qa5 13. d4 Qxd5 14. dxe5
Qxd1 15. Rfxd1 dxe5 16. Nxe5 f6 17. Nf3 Kf7 18. b3 b6 19. Rac1 Ba6 20. Rd7 Rhd8
21. Rcc7 Rxd7 22. Rxd7 Bb5 23. Rd1 Rd8 24. Rxd8 Bxd8 25. g3 g5 26. h4 g4 27. Nd4
Bd7 28. f4 f5 29. Kf2 h5 30. b4 Kf6 31. Nc2 Ba4 32. Nd4 Bd7 33. b5 Bc7 34. a4
Ke7 35. Ke2 Kd6 36. Kd3 Kd5 37. Nb3 Bd8 38. Bd2 Bc7 39. Nd4 Kc5 40. Nb3+ Kd5 41.
Nd4 Bd6 42. Nb3 Bc7 43. a5 Bxb5+ 44. Kc2 Kc4 45. axb6 Bxb6 46. Na5+ Bxa5 47.
Bxa5 Kd4 48. Kd2 Ke4 49. Bc3 Kf3 50. Bd4 a5 51. Ke1 a4 52. Kd2 Kxg3 {White
resigns} 0-1

[Event "Team 45 45 League T96"]
[Site "Internet Chess Club"]
[Date "2023.06.09"]
[Round "5"]
[White "Reykjaviking"]
[Black "woofgang"]
[Result "1-0"]
[WhiteElo "1320"]
[BlackElo "1180"]
[Opening "Réti: Nimzovich-Larsen attack"]
[ECO "A06"]
[Time "17:01:15"]
[PlyCount "27"]
[TimeControl "2700+45"]

1. Nf3 d5 2. b3 Nf6 3. h3 Bf5 4. Bb2 e6 5. Nh4 g6 6. Nxf5 gxf5 7. d3 Be7 8. Nd2
Nc6 9. Nf3 Qd6 10. Qd2 O-O-O 11. a4 e5 12. d4 e4 13. Ne5 Nb8 14. Nxf7 {Black
resigns} 1-0

[Event "Team 45 45 League T96"]
[Site "Internet Chess Club"]
[Date "2023.06.11"]
[Round "5"]
[White "ChessG2011"]
[Black "sdcohle"]
[Result "1-0"]
[WhiteElo "1412"]
[BlackElo "1318"]
[Opening "French: advance, Euwe variation"]
[ECO "C02"]
[Time "15:30:19"]
[PlyCount "153"]
[TimeControl "2700+45"]

1. e4 e6 2. d4 d5 3. e5 c5 4. c3 Nc6 5. Nf3 Bd7 6. Bb5 f6 7. Bxc6 Bxc6 8. O-O b6
9. Re1 Bd7 10. Nbd2 f5 11. Nf1 Ne7 12. h3 Ng6 13. Ng3 Be7 14. Kh2 O-O 15. Bd2
Rf7 16. Qc1 Nh4 17. Nxh4 Bxh4 18. Rf1 cxd4 19. cxd4 Rc8 20. Qe1 f4 21. Nh5 Qg5
22. Nxf4 Qd8 23. g3 Bg5 24. Ng2 Rc2 25. Bxg5 Qc7 26. Rc1 Bb5 27. Rxc2 Qxc2 28.
Qc1 Rxf2 29. Qxc2 Rxc2 30. Rb1 h6 31. Be7 Bd3 32. Rd1 Be4 33. Rg1 Rxb2 34. a3
Rd2 35. Bd6 Rxd4 36. g4 g5 37. Ne3 Rd3 38. Nd1 Rf3 39. Re1 Kf7 40. Re2 Rf4 41.
Rf2 Kg6 42. Rxf4 gxf4 43. Nc3 Kg5 44. Be7+ Kg6 45. Nb5 a6 46. Nd6 b5 47. Bd8 Bd3
48. Nb7 Be4 49. Nc5 Kf7 50. Nxa6 d4 51. Nc5 Bd5 52. Nd3 f3 53. Kg3 Be4 54. Nf4
d3 55. Ba5 Ke7 56. Bb4+ Kd7 57. Kf2 Kc6 58. Ke3 Bd5 59. Kxd3 f2 60. Ke2 Bc4+ 61.
Kxf2 Bd5 62. Nxd5 Kxd5 63. Bd6 Ke4 64. Kg3 Kd4 65. h4 Kc4 66. g5 hxg5 67. hxg5
Kd5 68. g6 Kc6 69. g7 b4 70. axb4 Kd5 71. g8=Q Kc6 72. Qc8+ Kd5 73. Kf3 Kd4 74.
Qc5+ Kd3 75. Qe3+ Kc4 76. b5 Kd5 77. Qc5# {Black checkmated} 1-0

[Event "Team 45 45 League T96"]
[Site "Internet Chess Club"]
[Date "2023.06.10"]
[Round "5"]
[White "Tjet"]
[Black "chesskix"]
[Result "0-1"]
[WhiteElo "1261"]
[BlackElo "1374"]
[Opening "English: symmetrical, main line with d3"]
[ECO "A38"]
[Time "21:01:17"]
[PlyCount "142"]
[TimeControl "2700+45"]

1. Nf3 c5 2. c4 Nc6 3. g3 Nf6 4. Bg2 g6 5. O-O Bg7 6. Nc3 O-O 7. d3 d6 8. e4 Ng4
9. h3 Nge5 10. Nxe5 Bxe5 11. Rb1 Bg7 12. a3 a6 13. Be3 Nd4 14. Bxd4 Bxd4 15. Ne2
Bg7 16. Kh2 e5 17. f4 f5 18. exf5 Rxf5 19. Bd5+ Kh8 20. Be4 Rh5 21. Ng1 Rb8 22.
Bf3 Rf5 23. Bg4 Rf8 24. Bxc8 Qxc8 25. fxe5 Bxe5 26. Rxf8+ Qxf8 27. Qf3 Qg7 28.
b3 Rf8 29. Qe2 Qf6 30. Kg2 Qg5 31. g4 Qf4 32. Kh1 Bd4 33. Nf3 Qxf3+ 34. Qxf3
Rxf3 35. Kg2 Rf2+ 36. Kg3 Rd2 37. b4 Rxd3+ 38. Kf4 b6 39. bxc5 Bxc5 40. a4 Rxh3
41. Re1 Kg7 42. Re7+ Kf8 43. Re4 a5 44. Kg5 Kf7 45. Rf4+ Ke7 46. Re4+ Kd7 47.
Kf6 Ra3 48. Re7+ Kd8 49. Rxh7 Rxa4 50. Kxg6 Rxc4 51. g5 a4 52. Rh8+ Kc7 53. Kf7
a3 54. g6 Rf4+ 55. Ke6 Rg4 56. Kf5 Rg3 57. Rh7+ Kc6 58. g7 a2 59. Kf4 Rg1 60.
Rh1 Rxg7 61. Ra1 Rg2 62. Kf3 Rc2 63. Ke4 d5+ 64. Kd3 Rh2 65. Kc3 b5 66. Kb3 d4
67. Rxa2 Rxa2 68. Kxa2 b4 69. Kb3 Kd5 70. Kc2 Ke4 71. Kb3 Kd3 {White resigns}
0-1

[Event "Team 45 45 League T96"]
[Site "Internet Chess Club"]
[Date "2023.06.09"]
[Round "5"]
[White "tamky70"]
[Black "seattleblues"]
[Result "0-1"]
[WhiteElo "1322"]
[BlackElo "1278"]
[Opening "QGD Slav defense"]
[ECO "D10"]
[Time "19:30:38"]
[PlyCount "66"]
[TimeControl "2700+45"]

1. d4 d5 2. c4 c6 3. Bf4 Nf6 4. c5 Bf5 5. Nc3 Nbd7 6. e3 e6 7. Be2 b6 8. Bd6
bxc5 9. Qa4 Bxd6 10. Qxc6 Bc7 11. dxc5 O-O 12. Nf3 Ba5 13. O-O Bxc3 14. bxc3 Rc8
15. Qb7 Rxc5 16. Qxa7 Rxc3 17. Nd4 Rc7 18. Qa3 Bg6 19. Bg4 Qa8 20. Qd6 Rcc8 21.
h3 Rfd8 22. Qe7 Ne5 23. Bxe6 fxe6 24. Nxe6 Rd7 25. Qb4 Nc6 26. Qh4 Re8 27. Nc5
Ra7 28. Qf4 Nd7 29. Qd6 Nxc5 30. Qxd5+ Bf7 31. Qxc5 Ne5 32. Qd4 Rxa2 33. f4
Rxg2+ {White resigns} 0-1

[Event "Team 45 45 League T96"]
[Site "Internet Chess Club"]
[Date "2023.06.11"]
[Round "5"]
[White "tasawyer81"]
[Black "Visin"]
[Result "1/2-1/2"]
[WhiteElo "892"]
[BlackElo "1259"]
[Opening "Ruy Lopez: Anderssen variation"]
[ECO "C77"]
[Time "11:00:49"]
[PlyCount "100"]
[TimeControl "2700+45"]

1. e4 e5 2. Nf3 Nc6 3. Bb5 a6 4. Ba4 Nf6 5. d3 d6 6. O-O Bg4 7. Nbd2 Be7 8. h3
Bd7 9. Bb3 O-O 10. c3 Qc8 11. Ng5 Be6 12. Nxe6 fxe6 13. Nf3 h6 14. d4 exd4 15.
cxd4 Nxe4 16. Re1 d5 17. Bf4 Rxf4 18. Qc1 Rf7 19. Bc2 Ng5 20. Nxg5 Bxg5 21. Qd1
Qf8 22. Qd3 Rf5 23. Rxe6 Qf7 24. Qxf5 Qxf5 25. Bxf5 Nxd4 26. Re5 Bf6 27. Rxd5
Re8 28. Bd7 Re7 29. Bc8 b6 30. Bxa6 Ne2+ 31. Kf1 Nf4 32. Rd8+ Kh7 33. g3 Nxh3
34. Bd3+ g6 35. Bc4 Re1+ 36. Rxe1 Bxd8 37. Kg2 Ng5 38. Re8 Bf6 39. Bg8+ Kg7 40.
Bd5 Bxb2 41. Re7+ Kf6 42. Rxc7 Bd4 43. Rc6+ Ke5 44. Bb3 Ne4 45. f4+ Kf5 46. Be6+
Kf6 47. Bd5+ Kf5 48. Be6+ Kf6 49. Bd5+ Kf5 50. Be6+ Kf6 {Game drawn by
repetition} 1/2-1/2

[Event "Team 45 45 League T96"]
[Site "Internet Chess Club"]
[Date "2023.06.11"]
[Round "5"]
[White "jjmolina1"]
[Black "Kingofknights"]
[Result "1-0"]
[WhiteElo "1537"]
[BlackElo "1535"]
[Opening "Caro-Kann defense"]
[ECO "B10"]
[Time "09:02:02"]
[PlyCount "133"]
[TimeControl "2700+45"]

1. e4 c6 2. Nf3 d5 3. d3 dxe4 4. dxe4 Qxd1+ 5. Kxd1 Nf6 6. Bd3 Bg4 7. h3 Bxf3+
8. gxf3 g6 9. Bd2 Nbd7 10. Bc3 Bg7 11. Ke2 e5 12. Na3 b5 13. Bd2 Nc5 14. Rad1
Nxd3 15. cxd3 Rd8 16. Be3 a6 17. Nc2 Nh5 18. Nb4 Nf4+ 19. Kf1 Ne6 20. Nxc6 Rc8
21. Nb4 a5 22. Nd5 O-O 23. Kg2 Nf4+ 24. Bxf4 exf4 25. Ne7+ Kh8 26. Nxc8 Rxc8 27.
Rc1 Rd8 28. Rc2 Bd4 29. b3 b4 30. Rd1 Kg7 31. Rc4 Kf6 32. Rc7 h5 33. Kf1 Rd6 34.
Ke2 Ke6 35. Rdc1 Bc3 36. Rd1 Bd4 37. Rc4 Ke5 38. Rc7 Ke6 39. Rg1 Kf6 40. h4 Ra6
41. Rg5 a4 42. Rd5 axb3 43. axb3 Ra2+ 44. Kd1 Bc3 45. Rdd7 Rd2+ 46. Kc1 Rxf2 47.
Rxf7+ Ke6 48. Rce7+ Kd6 49. Rd7+ Ke6 50. Rfe7+ Kf6 51. Rf7+ Ke6 52. d4 Rxf3 53.
d5+ Ke5 54. Rfe7+ Kd4 55. Rc7 Kd3 56. Rxc3+ Kxc3 57. Kd1 Kd4 58. d6 Rd3+ 59. Kc2
Rc3+ 60. Kb2 Kc5 61. d7 Rd3 62. e5 Kc6 63. e6 f3 64. Rf7 Kc7 65. Rf8 f2 66. Rxf2
Kd8 67. Rf8+ {Black resigns} 1-0

[Event "Team 45 45 League T96"]
[Site "Internet Chess Club"]
[Date "2023.06.09"]
[Round "5"]
[White "Constrictor"]
[Black "kabubi"]
[Result "1-0"]
[WhiteElo "1435"]
[BlackElo "1150"]
[Opening "Nimzovich-Larsen attack: modern variation"]
[ECO "A01"]
[Time "21:00:55"]
[PlyCount "99"]
[TimeControl "2700+45"]

1. b3 e5 2. Bb2 Nc6 3. e3 d5 4. Bb5 Ne7 5. Nf3 Bd7 6. Bxc6 Nxc6 7. Nxe5 Nxe5 8.
Bxe5 f6 9. Bb2 Bd6 10. Qh5+ Ke7 11. Qxd5 c6 12. Qf3 Kf7 13. Nc3 Qa5 14. Ne4 Be7
15. O-O Be6 16. d4 Rhe8 17. Ng3 Rad8 18. Qh5+ Qxh5 19. Nxh5 b5 20. Nf4 Bf5 21.
Nd3 Rd7 22. Rfd1 Bd6 23. Rac1 Bg4 24. Rd2 Be6 25. a3 c5 26. dxc5 Bxc5 27. Rcd1
Red8 28. Kf1 Ke7 29. Ke1 Bb6 30. Nf4 Bf5 31. Nd5+ Kf7 32. Nxb6 Rxd2 33. Rxd2
Rxd2 34. Kxd2 axb6 35. Bd4 Ke6 36. Bxb6 Kd5 37. f3 Bc8 38. Kd3 Ba6 39. Kc3 Kc6
40. Bd4 Bc8 41. Kb4 Bf5 42. e4 Be6 43. Bc5 g6 44. a4 bxa4 45. bxa4 Bc8 46. a5
Ba6 47. g3 Bc8 48. f4 Ba6 49. Bd4 Be2 50. Bxf6 {Black resigns} 1-0

[Event "Team 45 45 League T96"]
[Site "Internet Chess Club"]
[Date "2023.06.08"]
[Round "5"]
[White "rgadoury"]
[Black "WzeroMN"]
[Result "1/2-1/2"]
[WhiteElo "1109"]
[BlackElo "947"]
[Opening "English: symmetrical variation"]
[ECO "A30"]
[Time "14:00:18"]
[PlyCount "43"]
[TimeControl "2700+45"]

1. c4 c5 2. g3 e5 3. Bg2 Nf6 4. Nc3 Be7 5. e4 O-O 6. Nge2 Nc6 7. O-O b6 8. d3
Ba6 9. f4 d6 10. f5 Nd4 11. Nxd4 cxd4 12. Nd5 Bb7 13. Nxf6+ Bxf6 14. b4 a6 15.
Bd2 Qe8 16. a4 a5 17. b5 Qd8 18. Be1 Rc8 19. Rc1 Bg5 20. Bd2 Bxd2 21. Qxd2 f6
22. h4 {Game drawn by mutual agreement} 1/2-1/2

[Event "Team 45 45 League T96"]
[Site "Internet Chess Club"]
[Date "2023.06.10"]
[Round "5"]
[White "manfredo"]
[Black "mongmong"]
[Result "1-0"]
[WhiteElo "1542"]
[BlackElo "1428"]
[Opening "French: advance, Paulsen attack"]
[ECO "C02"]
[Time "18:00:37"]
[PlyCount "101"]
[TimeControl "2700+45"]

1. e4 e6 2. d4 d5 3. e5 c5 4. c3 Nc6 5. Nf3 Qb6 6. a3 c4 7. Nbd2 Na5 8. Rb1 Bd7
9. Be2 Ne7 10. Nf1 f6 11. exf6 gxf6 12. Nh4 O-O-O 13. Ng3 Ng6 14. Nf3 Nb3 15.
Nd2 Nxd2 16. Bxd2 Bd6 17. Nh5 Be7 18. Bh6 Rhg8 19. Bg7 f5 20. Bf6 Bxf6 21. Nxf6
Rh8 22. Nxd7 Rxd7 23. b3 cxb3 24. Rxb3 Qd6 25. Bb5 Rc7 26. O-O h5 27. Be2 h4 28.
c4 Nf4 29. c5 Nxe2+ 30. Qxe2 Qd7 31. Re1 Re8 32. Qb5 Qxb5 33. Rxb5 Rc6 34. a4 a6
35. Rb6 Rxb6 36. cxb6 Kd7 37. Rc1 Rc8 38. Rxc8 Kxc8 39. a5 Kd7 40. g3 hxg3 41.
fxg3 e5 42. dxe5 Ke6 43. h4 Kxe5 44. Kf2 d4 45. Ke2 f4 46. gxf4+ Kxf4 47. h5 Kg5
48. Kd3 Kxh5 49. Kxd4 Kg6 50. Kd5 Kf7 51. Kd6 {Black resigns} 1-0

[Event "Team 45 45 League T96"]
[Site "Internet Chess Club"]
[Date "2023.06.11"]
[Round "5"]
[White "olivermx"]
[Black "Pawnchain"]
[Result "0-1"]
[WhiteElo "1281"]
[BlackElo "1387"]
[Opening "French: advance, Paulsen attack"]
[ECO "C02"]
[Time "14:00:28"]
[PlyCount "70"]
[TimeControl "2700+45"]

1. e4 e6 2. d4 d5 3. e5 c5 4. c3 Nc6 5. Nf3 f6 6. Bf4 Bd7 7. a3 Qb6 8. b4 cxd4
9. cxd4 Nge7 10. Be2 Ng6 11. Bg3 Be7 12. O-O f5 13. h3 O-O 14. Nc3 Rac8 15. Rc1
Qd8 16. Bd3 a6 17. Ne2 b5 18. Qd2 h6 19. Nf4 Nxf4 20. Bxf4 Rf7 21. Be2 g5 22.
Bh2 g4 23. hxg4 fxg4 24. Ne1 Bg5 25. Qb2 Bxc1 26. Qxc1 Qf8 27. Qe3 Qg7 28. g3
Ne7 29. Ng2 Nf5 30. Qd2 Qg5 31. Qxg5+ hxg5 32. Bxg4 Nxd4 33. Bh5 Rh7 34. Bg4 Rc4
35. f3 Nc2 {White resigns} 0-1

[Event "Team 45 45 League T96"]
[Site "Internet Chess Club"]
[Date "2023.06.08"]
[Round "5"]
[White "PsyMar"]
[Black "Toalla"]
[Result "1-0"]
[WhiteElo "1207"]
[BlackElo "1128"]
[Opening "Sicilian: Alapin's variation (2.c3)"]
[ECO "B22"]
[Time "14:03:35"]
[PlyCount "73"]
[TimeControl "2700+45"]

1. e4 c5 2. c3 e6 3. d4 d5 4. exd5 Qxd5 5. Nf3 Be7 6. c4 Qe4+ 7. Be2 cxd4 8.
Qxd4 Qxd4 9. Nxd4 Bb4+ 10. Nc3 Nf6 11. Be3 Ne4 12. Nb5 Na6 13. O-O Bxc3 14. Nxc3
Nxc3 15. bxc3 b6 16. a4 O-O 17. a5 bxa5 18. c5 Rb8 19. Rxa5 Rb3 20. Bxa6 Bxa6
21. Rxa6 Rxc3 22. Rxa7 Rc8 23. Rc1 Rxc1+ 24. Bxc1 g6 25. h3 Rxc5 26. Bh6 f5 27.
Rg7+ Kh8 28. Rf7 Rc8 29. Re7 Kg8 30. Bg7 h5 31. Be5 h4 32. Rg7+ Kf8 33. Rxg6
Rc1+ 34. Kh2 Rf1 35. f4 Rf2 36. Rxe6 Kf7 37. Rf6+ {Black resigns} 1-0

[Event "Team 45 45 League T96"]
[Site "Internet Chess Club"]
[Date "2023.06.13"]
[Round "5"]
[White "burlap"]
[Black "BlueStorm"]
[Result "1/2-1/2"]
[WhiteElo "1272"]
[BlackElo "1505"]
[Opening "Queen's pawn, Mason variation"]
[ECO "D00"]
[Time "09:00:21"]
[PlyCount "68"]
[TimeControl "2700+45"]

1. d4 d5 2. Bf4 Nf6 3. e3 e6 4. Nd2 b6 5. Ngf3 Bd6 6. Bxd6 Qxd6 7. Bd3 Ba6 8.
O-O Bxd3 9. cxd3 Nbd7 10. Re1 O-O 11. e4 dxe4 12. dxe4 Qb4 13. Qb3 Qxb3 14. Nxb3
Rac8 15. Rac1 a5 16. Ne5 a4 17. Nxd7 Nxd7 18. Nd2 c5 19. d5 exd5 20. exd5 Nf6
21. d6 Rcd8 22. Nc4 b5 23. Na3 Rxd6 24. Rxc5 b4 25. Nc4 Rd4 26. a3 bxa3 27. bxa3
Rfd8 28. Kf1 Kf8 29. Na5 R4d5 30. Nb7 Rb8 31. Rxd5 Nxd5 32. Nc5 Rc8 33. Nxa4 Rc4
34. Rd1 Rxa4 {Game drawn by mutual agreement} 1/2-1/2

[Event "Team 45 45 League T96"]
[Site "Internet Chess Club"]
[Date "2023.06.12"]
[Round "5"]
[White "BrerRabbit"]
[Black "Andressa"]
[Result "1-0"]
[WhiteElo "1400"]
[BlackElo "1305"]
[Opening "Queen's pawn game, Darooha variation "]
[ECO "D02"]
[Time "15:09:02"]
[PlyCount "37"]
[TimeControl "2700+45"]

1. d4 d5 2. Nf3 Nf6 3. g3 Nc6 4. Bg2 e6 5. O-O Be7 6. c4 dxc4 7. e3 O-O 8. Nc3
b6 9. Ne5 Nxe5 10. Bxa8 Nd5 11. dxe5 Ba6 12. Bxd5 exd5 13. Qxd5 Qc8 14. Qd1 Rd8
15. Qc2 Qe6 16. Rd1 Re8 17. e4 Qxe5 18. Bf4 Qc5 19. Qa4 {Black resigns} 1-0

[Event "Team 45 45 League T96"]
[Site "Internet Chess Club"]
[Date "2023.06.08"]
[Round "5"]
[White "Balderdash"]
[Black "smsxman"]
[Result "0-1"]
[WhiteElo "1204"]
[BlackElo "1343"]
[Opening "French: Rubinstein variation"]
[ECO "C10"]
[Time "20:01:14"]
[PlyCount "258"]
[TimeControl "2700+45"]

1. d4 d5 2. Nc3 e6 3. e4 dxe4 4. Nxe4 Nf6 5. Bd3 g6 6. Bg5 Bg7 7. Nf3 O-O 8. Qd2
Nbd7 9. Ne5 Nxe4 10. Bxe4 f6 11. Nxd7 Qxd7 12. Bh6 f5 13. Bxg7 Qxg7 14. Bf3 c6
15. O-O-O Rd8 16. Qg5 Bd7 17. h4 Be8 18. h5 h6 19. Qe3 Qf6 20. Qxh6 Qg7 21. hxg6
Qxh6+ 22. Rxh6 Kg7 23. Rdh1 Bxg6 24. R6h3 Rxd4 25. Rg3 Kf7 26. Bh5 Bxh5 27. Rxh5
Rad8 28. Rh7+ Kf6 29. Rh6+ Ke5 30. Re3+ Re4 31. f4+ Kd5 32. Rd3+ Rd4 33. Rxd4+
Kxd4 34. Rxe6 Kc5 35. Re5+ Rd5 36. Re3 Kd4 37. Rd3+ Ke4 38. Rf3 Rd7 39. b3 Rg7
40. Rf2 Ke3 41. Rf3+ Ke2 42. Rd3 Rxg2 43. Rd2+ Kf3 44. Rd4 Rg7 45. c4 Ke3 46.
Rd1 Kxf4 47. Rf1+ Ke4 48. Kd2 Rg2+ 49. Kc3 Rxa2 50. Re1+ Kf4 51. Kd3 c5 52. Rf1+
Kg4 53. Ke3 Ra3 54. Rg1+ Kh5 55. Kf4 Rxb3 56. Kxf5 Rf3+ 57. Ke4 Rf7 58. Kd5 b6
59. Kc6 Kh6 60. Ra1 Kg6 61. Rg1+ Kf6 62. Kd6 a5 63. Rf1+ Kg6 64. Rg1+ Kh5 65.
Kc6 Rf6+ 66. Kb5 Rd6 67. Rb1 Kg4 68. Ka6 Kf4 69. Kb5 Ke4 70. Re1+ Kf3 71. Re8
Kf4 72. Re1 Kf5 73. Rf1+ Ke4 74. Re1+ Kf3 75. Re8 Kf4 76. Re1 Kf5 77. Re8 Re6
78. Rf8+ Ke5 79. Rd8 Rd6 80. Re8+ Kd4 81. Re1 Kc3 82. Rc1+ Kb2 83. Rh1 Kc3 84.
Rh3+ Rd3 85. Rh4 Rd6 86. Rh3+ Kb2 87. Ka4 Rd4 88. Rb3+ Kc2 89. Rxb6 Rxc4+ 90.
Kxa5 Kc3 91. Rb5 Kd4 92. Rb1 Rc2 93. Rd1+ Kc4 94. Kb6 Kb3 95. Rd3+ Kb2 96. Kb5
c4 97. Rd6 c3 98. Ka4 Kb1 99. Rb6+ Rb2 100. Rc6 c2 101. Ka3 c1=Q 102. Rxc1+ Kxc1
103. Ka4 Kc2 104. Ka3 Kc3 105. Ka4 Kc4 106. Ka3 Rb5 107. Ka4 Kc5 108. Ka3 Rb4
109. Ka2 Kc4 110. Ka3 Kc3 111. Ka2 Rb3 112. Ka1 Rb4 113. Ka2 Rb3 114. Ka1 Rb8
115. Ka2 Kc2 116. Ka3 Kc3 117. Ka4 Kc4 118. Ka5 Kc5 119. Ka6 Rb5 120. Ka7 Kc6
121. Ka8 Ra5+ 122. Kb8 Rb5+ 123. Kc8 Rd5 124. Kb8 Rd7 125. Kc8 Kd6 126. Kb8 Rc7
127. Ka8 Kc6 128. Kb8 Kb6 129. Ka8 Rc8# {White checkmated} 0-1

[Event "Team 45 45 League T96"]
[Site "Internet Chess Club"]
[Date "2023.06.12"]
[Round "5"]
[White "stantheman59"]
[Black "oldbookseller"]
[Result "1-0"]
[WhiteElo "1116"]
[BlackElo "854"]
[Opening "Queen's pawn, Mason variation"]
[ECO "D00"]
[Time "14:02:33"]
[PlyCount "66"]
[TimeControl "2700+45"]

1. d4 d5 2. Bf4 Nc6 3. Nf3 e6 4. e3 Nf6 5. Bd3 b6 6. c3 Bb7 7. h3 Be7 8. Nbd2 h6
9. O-O O-O 10. Re1 Qd7 11. Qc2 e5 12. Nxe5 Qe6 13. Bf5 Qd6 14. Ng6 Qd8 15. Nxf8
Qxf8 16. Bd3 Rc8 17. Nf3 Bd6 18. Bxd6 Qxd6 19. Nh4 Re8 20. Re2 Bc8 21. Bf5 Bxf5
22. Nxf5 Qe6 23. Rae1 Ne4 24. Ng3 Ne7 25. Qa4 c6 26. Qxa7 Nc8 27. Qa3 Nxg3 28.
fxg3 Qg6 29. Kh2 Ne7 30. e4 Qg5 31. exd5 Rd8 32. Qxe7 Rxd5 33. Qxg5 Rxg5 {Black
resigns} 1-0